 Dungeon Crawl Stone Soup version 0.31.0-12-g77e489cdc1 (webtiles) character file.

Game seed: 3986537891057861320

319 Curundu the Chopper (level 6, -1/56 HPs)
             Began as a Minotaur Berserker on Mar 3, 2024.
             Was a Believer of Trog.
             Slain by a lemure (6 damage)
             ... led by Pikel
             ... on level 4 of the Dungeon.
             The game lasted 00:06:50 (2579 turns).

Curundu the Chopper (Minotaur Berserker)            Turns: 2579, Time: 00:06:51

Health: -1/56      AC:  2    Str: 24    XL:     6   Next: 21%
Magic:  5/5        EV: 12    Int:  4    God:    Trog [**....]
Gold:   147        SH:  0    Dex:  9    Spells: 5/5 levels left

rFire   . . .        d - +0 hand axe (flame)
rCold   . . .        (no shield)
rNeg    . . .        b - +0 animal skin
rPois   .            (helmet restricted)
rElec   .            (no cloak)
rCorr   .            (no gloves)
SInv    .            (no boots)
Will    .....        (no amulet)
Stlth   +            (no ring)
HPRegen 0.29/turn    (no ring)
MPRegen 0.09/turn

%: no passive effects
@: on berserk cooldown, slowed, very slow
A: horns 2, retaliatory headbutt
a: Renounce Religion, Berserk, Trog's Hand


You were on level 4 of the Dungeon.
You worshipped Trog.
Trog was pleased with you.
You visited 1 branch of the dungeon, and saw 4 of its levels.

You collected 147 gold pieces.

Inventory:

Hand Weapons
 d - a +0 hand axe of flaming (weapon)
Missiles
 j - 2 boomerangs (quivered)
Armour
 b - a +0 animal skin (worn)
Jewellery
 e - a ring of protection from fire
 g - a ring of poison resistance
 m - a ring of flight
Wands
 n - a wand of digging (3)
 r - a wand of paralysis (10)
Scrolls
 c - a scroll of amnesia
 i - a scroll of poison {unknown}
 o - a scroll of enchant armour {unknown}
 q - a scroll of revelation {unknown}
 s - a scroll of teleportation {unknown}
Potions
 a - a potion of degeneration
 f - a potion of haste
 h - a potion of attraction
 k - a potion of resistance {unknown}
 l - a potion of lignification {unknown}


   Skills:
 + Level 5.3 Fighting
 + Level 6.1 Axes
 + Level 3.0 Armour
 + Level 3.7 Dodging
 + Level 1.0 Stealth


You had 5 spell levels left.
You didn't know any spells.
Your spell library was empty.

Dungeon Overview and Level Annotations

Branches:
Dungeon (4/15)
 Temple: D:4-7

Altars:
Dithmenos
Zin

Annotations:
D:4 Pikel


Innate Abilities, Weirdness & Mutations

You have a pair of horns on your head.
You reflexively headbutt those who attack you in melee.


Message History

You kill the lemure!
That felt strangely unrewarding.
You closely miss the goblin. Your headbutt misses the goblin.
You hit the lemure. You burn the lemure. You hit the lemure but do no damage.
The goblin barely misses you. The lemure barely misses you. x2
You barely miss the goblin. You headbutt the goblin.
You feel the power of Trog in you as your rage grows.
You kill the goblin!
Trog accepts your kill.
You closely miss the lemure. x2; The lemure hits you!
* * * LOW HITPOINT WARNING * * *
The lemure hits you!
* * * LOW HITPOINT WARNING * * *
You slash the lemure! You burn the lemure.
You kill the lemure!
That felt strangely unrewarding.
You hit the lemure. You burn the lemure. The hobgoblin barely misses you.
You furiously retaliate!
You headbutt the hobgoblin!
You kill the hobgoblin!
Trog accepts your kill. The lemure hits you but does no damage.
Pikel, Merchant of Souls comes into view.
He is wielding a +0 whip of electrocution.
You feel a strong urge to attack something.
Pikel shouts!
The lemure misses you.
Pikel says, "You'll make a fine lemure."
You see here 13 gold pieces.
Found a murky dark potion.
A lemure comes into view.
You feel your anger nearly subside.
The lemure shouts!
You are no longer berserk.
You are exhausted.
You feel yourself slow down. The lemure barely misses you.
Pikel barely misses you. The lemure hits you.
* * * LOW HITPOINT WARNING * * *
You hit Pikel. You burn Pikel. You headbutt Pikel.
Pikel is lightly wounded.
You closely miss the lemure. x2; The lemure hits you.
You die...

..................<.
....................
............$.......
#########...†.......
#...........
#...$.......
#...........
#..5........
#.@........>
.......K5........
.................
.................
.................
............!....
.................
.................


You could see Pikel and 2 lemures.

Vanquished Creatures
  2 lemures (D:4)
  A scorpion (D:3)
  A hound (D:4)
  A jelly (D:4)
  An iguana (D:4)
  An orc wizard (D:3)
  8 adders
  2 dart slugs
  2 ribbon worms
  6 orcs (D:3)
  5 endoplasms
  2 giant cockroaches
  2 goblins
  7 hobgoblins
  6 jackals
  6 kobolds
  4 quokkas
  2 ball pythons (D:3)
  3 bats
  4 frilled lizards
  A rat (D:1)
67 creatures vanquished.

Notes
Turn   | Place    | Note
-------+----------+-------------------------------------------
     0 | D:1      | Curundu the Minotaur Berserker began the quest for the Orb.
     0 | D:1      | Reached XP level 1. HP: 19/19 MP: 0/0
   110 | D:1      | Reached XP level 2. HP: 27/27 MP: 1/1
   130 | D:1      | Reached skill level 4 in Axes
   840 | D:2      | Reached XP level 3. HP: 23/33 MP: 2/2
   988 | D:2      | Reached ** piety under Trog
  1198 | D:2      | Found a glowing silver altar of Zin.
  1227 | D:2      | Reached XP level 4. HP: 40/41 MP: 3/3
  1417 | D:3      | Noticed a scorpion
  1425 | D:3      | Killed a scorpion
  1426 | D:3      | Reached skill level 5 in Axes
  1552 | D:3      | Reached XP level 5. HP: 41/47 MP: 4/4
  1684 | D:3      | Reached skill level 5 in Fighting
  1756 | D:3      | Found a shadowy altar of Dithmenos.
  2490 | D:3      | Found a glowing silver altar of Zin.
  2556 | D:4      | Noticed a lemure
  2560 | D:4      | Reached skill level 1 in Stealth
  2560 | D:4      | Noticed a lemure
  2561 | D:4      | Noticed a lemure
  2565 | D:4      | Reached XP level 6. HP: 41/56 MP: 5/5
  2567 | D:4      | Reached skill level 6 in Axes
  2573 | D:4      | Noticed Pikel
  2579 | D:4      | Slain by a lemure

Illustrated notes

Levels and vault maps discovered:
D:1:      arrival_zaba_pyramid, layout_basic, serial_glass, glass_columns_c,
          glass_columns_a, due_unseen_surprise
D:2:      wad_crossroads, layout_basic, basic_altar
D:3:      minmay_chambers_of_threes, layout_loops_ring, zin_scriptorium,
          nicolae_dithmenos_shadow_blocks
D:4:      layout_gridville, ashenzari_altar_1, grunt_temple_overflow_diamond,
          uniq_pikel

Skill      XL: |  1  2  3  4  5  6 |
---------------+-------------------+-----
Fighting       | 4 5 |  5.3
Axes           | 4 5 6 |  6.1
Dodging        | 3 |  3.7
Armour         | 3 |  3.0
Stealth        | 1 |  1.0

Action                     |  1- 3 |  4- 6 || total
---------------------------+-------+-------++-------
  Melee: Hand axe          |    60 |    74 ||   134
         Headbutt          |    11 |    14 ||    25
         Punch             |     1 |       ||     1
 Invoke: Berserk           |       |     2 ||     2
         Trog's Hand       |       |     1 ||     1
    Use: Scroll            |     1 |     3 ||     4
   Stab: Sleeping          |     1 |       ||     1
 Armour: Animal skin       |    32 |    58 ||    90
  Dodge: Dodged            |    53 |    61 ||   114
